 Dungeon Crawl Stone Soup version bcrawl-1.40.3b (webtiles) character file.

Game seed: 768443413565859270

396947 iceDog the Thaumaturge (level 12, -3/94 HPs)
             Began as a Gnoll Warper on Feb 15, 2024.
             Was a High Priest of Makhleb.
             Blown up by a cacodemon (33 damage)
             ... with a bolt of energy
             ... summoned by the player character
             ... on level 2 of the Lair of Beasts on Feb 18, 2024.
             The game lasted 00:55:17 (11737 turns).

iceDog the Thaumaturge (Gnoll Warper)              Turns: 11737, Time: 00:55:17

Health: -3/94      AC: 12    Str: 17    XL:     12   Next: 31%
Magic:  22/24      EV: 17    Int: 18    God:    Makhleb [*****.]
Gold:   1258       SH: 10    Dex: 18    Spells: 15/28 levels left

rFire    . . .     GDR:     35% d - +0 long sword (slice)
rCold    . . .     SeeInvis .   k - +0 buckler
rNeg     + . .     Gourm    .   L - +4 acid dragon scales
rPois    .         Faith    .   O - +0 helmet
rElec    .         Spirit   .   p - +0 cloak
rCorr    +         Reflect  .   x - +0 pair of gloves
MR       .....                  (no boots)
Stlth    +++.......             n - amulet of regeneration
HPRegen  0.91/turn              j - +4 ring of dexterity
MPRegen  0.19/turn              v - ring of positive energy

@: lethally poisoned (-3 -> -7), hasted, very quick
A: distributed training, fangs 1, talons 1, deformed body, strong nose
a: Minor Destruction, Hew, Major Destruction, Greater Servant of Makhleb,
Renounce Religion


You were on level 2 of the Lair of Beasts.
You worshipped Makhleb.
Makhleb was extremely pleased with you.
You were not hungry.

You visited 2 branches of the dungeon, and saw 12 of its levels.
You also visited: Sewer and Bailey.

You collected 1258 gold pieces.

Inventory:

Hand Weapons
 a - a +0 hand crossbow
 d - a +0 long sword of slicing (weapon)
 s - a +2 dagger of holy wrath
 w - a +0 mace of crushing
 P - the +10 falchion "Sarcophage" {flame, *Slow Dex+4 Stlth+, unknown}
   (You found it on level 1 of the Lair of Beasts)

   It has been specially enchanted to surge with flame as it hits, increasing
   damage dealt by approximately one third against foes not resistant or
   susceptible to fire.
   Its heat also prevents any hydra heads it cuts off from regrowing.
   It affects your dexterity (+4).
   It may slow you when you take damage.
   It makes you more stealthy.
Missiles
 b - a throwing net {=f}
 f - 291 bolts
 m - 185 tomahawks of dispersal {=f}
 u - 519 poisoned tomahawks (quivered)
 y - 66 exploding tomahawks
Armour
 k - a +0 buckler (worn)
 p - a +0 cloak (worn)
 x - a +0 pair of gloves (worn)
 L - +4 acid dragon scales (worn)
 O - a +0 helmet (worn)
Jewellery
 j - a +4 ring of dexterity (left hand)
 n - an amulet of regeneration (around neck)
 v - a ring of positive energy (right hand)
 N - the cursed ring of Baunimer {Ice +Blink Str-3 SInv}
   (You took it off Fannar on level 2 of the Lair of Beasts)

   [ring of ice]

   It enhances your ice magic.
   It affects your strength (-3).
   It makes you vulnerable to fire.
   It protects you from cold.
   It lets you see invisible.
   It lets you blink.
   It has a curse placed upon it.
Wands
 c - a wand of flame (20)
 C - a wand of polymorph (7)
Scrolls
 g - 4 scrolls of blinking
 h - 4 scrolls of revelation
 i - a scroll of identify
 o - 11 scrolls of remove curse
 t - a scroll of noise {unknown}
 F - a scroll of enchant weapon {unknown}
 G - 2 scrolls of fear
 J - 6 scrolls of teleportation
 K - a scroll of amnesia {unknown}
 M - a scroll of vulnerability {unknown}
 Q - a scroll of enchant armour
Potions
 l - 7 potions of curing
 r - 5 potions of flight
 z - a potion of magic {unknown}
 A - 3 potions of haste
 B - a potion of agility
 D - a potion of ambrosia {unknown}
 E - a potion of heal wounds {unknown}
 H - 3 potions of brilliance {unknown}
 I - a potion of might {unknown}
Miscellaneous
 q - a phantom mirror
Comestibles
 e - 18 rations {!d}


   Skills:
 + Level 8.5 Fighting
 + Level 7.0 Short Blades
 + Level 7.0 Long Blades
 + Level 7.0 Axes
 + Level 7.0 Maces & Flails
 + Level 7.0 Polearms
 + Level 7.0 Staves
 + Level 7.0 Slings
 + Level 7.0 Bows
 + Level 8.5 Crossbows
 + Level 7.0 Throwing
 + Level 7.0 Armour
 + Level 8.5 Dodging
 + Level 7.0 Stealth
 + Level 7.0 Shields
 + Level 7.0 Unarmed Combat
 + Level 8.7 Spellcasting
 + Level 5.8 Conjurations
 + Level 5.8 Hexes
 + Level 5.8 Charms
 + Level 5.8 Summonings
 + Level 5.8 Necromancy
 + Level 8.1 Translocations
 + Level 5.8 Transmutations
 + Level 5.8 Fire Magic
 + Level 5.8 Ice Magic
 + Level 5.8 Air Magic
 + Level 5.8 Earth Magic
 + Level 5.8 Poison Magic
 + Level 7.7 Invocations
 + Level 7.0 Evocations


You had 15 spell levels left.
You knew the following spells:

 Your Spells              Type           Power        Failure   Level  Hunger
a - Blink Other           Tloc           #####.       1%          1    None
b - Apportation           Tloc           #####.       1%          1    None
c - Blink                 Tloc           N/A          1%          2    None
d - Teleport Other        Tloc           #####...     2%          3    None
e - Slow                  Hex            ####....     1%          1    None
f - Poisonous Vapours     Pois/Air       ####..       2%          2    None
g - Mephitic Cloud        Conj/Pois/Air  ####....     5%          3    None

Your spell library contained the following spells:

 Spells                   Type           Power        Failure   Level  Hunger
 Corona                   Hex            ####...      1%          1    None
 Infusion                 Chrm           ####....     1%          1    None
 Sandblast                Erth           ####..       1%          1    None
 Summon Butterflies       Summ           ####....     1%          1    None
 Portal Projectile        Tloc           #####.       2%          3    None
 Conjure Flame            Conj/Fire      ####....     5%          3    None
 Spectral Weapon          Hex/Chrm       ####....     5%          3    None
 Cause Fear               Hex            ####......   19%         4    ##.....
 Passage of Golubria      Tloc           N/A          21%         5    ####...
 Freezing Cloud           Ice/Air        ####....     45%         5    ####...
 Steam Barrier            Chrm/Fire      ####......   45%         5    ####...


Dungeon Overview and Level Annotations

Branches:
Dungeon (10/12)            Temple (0/1) D:7            Lair (2/6) D:7
 Spider (0/3) Lair:2          Orc (0/1) D:8
  Swamp: Lair:2-4    Shoals: Lair:2-4     Snake: Lair:2-4

Altars:
Fedhas
Hepliaklqana
Kikubaaqudgha
Makhleb
Nemelex Xobeh
Sif Muna
Trog
Uskayaw
Vehumet
Yredelemnul


Innate Abilities, Weirdness & Mutations

Your experience applies equally to all skills.
You have very sharp teeth.
Your uncanny sense of smell can sniff out nearby items.
You have sharp toenails.
Armour fits poorly on your strangely shaped body.


Message History

You are too injured to fight recklessly!
You are too injured to fight recklessly!
You are too injured to fight recklessly!
You are too injured to fight recklessly!
You are too injured to fight recklessly!
You are too injured to fight recklessly!
You are too injured to fight recklessly!
You are too injured to fight recklessly!
You feel yourself speed up.
You feel sick. The cane toad hits you. You block the yak's attack.
A komodo dragon comes into view.
A demon appears!
It doesn't seem very happy.
You feel sick.
Cast which spell? (? or * to list)
You blink.
You feel sick.
You feel sick. The cacodemon gestures at you. The bolt of energy hits you!!
You die...

....+Y♣YY# .....YYY# ....##+§## #
#.F.# #.2## #..## ##..P# #....#
#### ##### ###.@######
##P.###.#.###.....#.#.###########
.................................
...≈≈≈.≈≈≈.......................
..≈.≈≈.≈≈.≈.............###.P####
#†≈≈.≈.≈.≈≈.#P.####..##.# ####
##≈≈≈...≈≈≈.#### ####..##
##....>.....# ##.. #.≈≈≈...≈≈≈##
#.P#


You could see a cacodemon, 2 yaks and a cane toad.

Vanquished Creatures
  A hydra (Lair:1)
  Fannar (Lair:2)
  2 two-headed ogres (D:9)
  A tengu warrior (D:10)
  Pikel (D:6)
  A lindwurm (D:7)
  A rime drake (Lair:1)
  5 jumping spiders (Lair:2)
  A hornet (Lair:2)
  A troll (D:9)
  Grinder (D:6)
  Prince Ribbit (D:6)
  2 hippogriffs
  3 blink frogs (Lair:1)
  Sigmund (D:4)
  A vampire (D:9)
  Eustachio (D:4)
  18 yaks
  A warg (D:8)
  A water moccasin (D:9)
  An acid dragon (D:7)
  4 sky beasts
  3 slaves (D:6)
  9 orc warriors
  A necrophage (D:8)
  2 phantoms (D:5)
  Blork the orc (D:4)
  7 bullfrogs
  6 kobold brigands
  A gnoll sergeant (D:7)
  3 centaurs
  4 scorpions
  A wyvern skeleton (D:7)
  15 killer bees
  2 wights (D:8)
  A howler monkey (D:9)
  3 electric eels (Lair:1)
  2 orc priests
  3 crimson imps
  A bullfrog zombie (D:6)
  A jelly (D:5)
  5 human zombies (D:8)
  Crazy Yiuf (D:3)
  7 hounds
  Jessica (D:2)
  2 iguanas
  3 orc wizards
  Natasha (twice) (D:4)
  4 worker ants
  Terence (D:2)
  An ogre zombie (D:8)
  A hound zombie (D:7)
  2 mummies (D:8)
  6 gnolls
  8 adders
  2 river rats (Sewer)
  5 shadow imps
  3 worms
  5 dart slugs
  7 leopard geckos
  29 orcs
  2 giant cockroaches
  11 goblins
  10 hobgoblins
  2 jackals (D:2)
  2 quokkas
  6 ball pythons (Sewer)
  2 bats
  5 frilled lizards
  42 kobolds
  An orc zombie (D:8)
  A quokka skeleton (D:4)
  4 rats
299 creatures vanquished.

Notes
Turn   | Place    | Note
-------+----------+-------------------------------------------
     0 | D:1      | iceDog the Gnoll Warper began the quest for the Orb.
     0 | D:1      | Reached XP level 1. HP: 20/20 MP: 6/6
   215 | D:1      | Reached XP level 2. HP: 26/26 MP: 7/7
   706 | D:1      | Reached XP level 3. HP: 31/31 MP: 9/9
   976 | D:2      | Reached skill level 5 in Spellcasting
  1296 | D:2      | Noticed Terence
  1305 | D:2      | Killed Terence
  1306 | D:2      | Reached skill level 1 in Short Blades
  1306 | D:2      | Reached skill level 1 in Long Blades
  1306 | D:2      | Reached skill level 1 in Axes
  1306 | D:2      | Reached skill level 1 in Maces & Flails
  1306 | D:2      | Reached skill level 1 in Polearms
  1306 | D:2      | Reached skill level 1 in Staves
  1306 | D:2      | Reached skill level 1 in Slings
  1306 | D:2      | Reached skill level 1 in Bows
  1306 | D:2      | Reached skill level 1 in Throwing
  1306 | D:2      | Reached skill level 1 in Armour
  1306 | D:2      | Reached skill level 1 in Stealth
  1306 | D:2      | Reached skill level 1 in Shields
  1306 | D:2      | Reached skill level 1 in Unarmed Combat
  1306 | D:2      | Reached skill level 1 in Invocations
  1306 | D:2      | Reached skill level 1 in Evocations
  1306 | D:2      | Reached XP level 4. HP: 20/38 MP: 9/11
  1436 | D:2      | Noticed Jessica
  1437 | D:2      | Killed Jessica
  1438 | D:2      | Reached skill level 1 in Conjurations
  1438 | D:2      | Reached skill level 1 in Hexes
  1438 | D:2      | Reached skill level 1 in Charms
  1438 | D:2      | Reached skill level 1 in Summonings
  1438 | D:2      | Reached skill level 1 in Necromancy
  1438 | D:2      | Reached skill level 1 in Transmutations
  1438 | D:2      | Reached skill level 1 in Fire Magic
  1438 | D:2      | Reached skill level 1 in Ice Magic
  1438 | D:2      | Reached skill level 1 in Air Magic
  1438 | D:2      | Reached skill level 1 in Earth Magic
  1438 | D:2      | Reached skill level 1 in Poison Magic
  1687 | D:3      | Reached XP level 5. HP: 43/43 MP: 12/12
  1726 | D:3      | Found a runed door.
  1929 | D:3      | Found a shimmering blue altar of Sif Muna.
  1982 | D:3      | Found a bloodstained altar of Trog.
  1983 | D:3      | Found a hide-covered altar of Uskayaw.
  1984 | D:3      | Found a burning altar of Makhleb.
  2001 | D:3      | Became a worshipper of Makhleb the Destroyer
  2032 | D:3      | Found a basalt altar of Yredelemnul.
  2523 | D:3      | Noticed Crazy Yiuf
  2528 | D:3      | Killed Crazy Yiuf
  2780 | D:4      | Noticed Sigmund
  2956 | D:4      | Noticed a sky beast
  2959 | D:4      | Killed a sky beast
  2960 | D:4      | Reached XP level 6. HP: 50/50 MP: 14/14
  2994 | D:4      | Reached skill level 5 in Fighting
  2994 | D:4      | Reached skill level 5 in Crossbows
  2994 | D:4      | Reached skill level 5 in Dodging
  3179 | D:4      | Reached XP level 7. HP: 56/56 MP: 15/15
  3205 | D:4      | Noticed Natasha
  3213 | D:4      | Killed Natasha
  3250 | D:4      | Killed Sigmund
  3452 | D:4      | Noticed Blork the orc
  3455 | D:4      | Killed Blork the orc
  3525 | D:4      | Noticed Natasha
  3529 | D:4      | Killed Natasha
  3726 | D:4      | Reached XP level 8. HP: 63/63 MP: 16/16
  3755 | D:4      | Noticed Eustachio
  3770 | D:4      | Killed Eustachio
  3878 | D:5      | Entered Level 5 of the Dungeon
  3951 | D:5      | Reached * piety under Makhleb
  4950 | D:6      | Reached XP level 9. HP: 32/69 MP: 18/18
  4990 | D:6      | Noticed Pikel
  5002 | D:6      | Killed Pikel
  5381 | D:6      | Found a glowing drain.
  5394 | Sewer    | Entered a sewer
  5585 | Sewer    | Reached ** piety under Makhleb
  6348 | D:6      | Noticed Prince Ribbit
  6365 | D:6      | Killed Prince Ribbit
  6374 | D:6      | Noticed Grinder
  6382 | D:6      | Killed Grinder
  6383 | D:6      | Reached skill level 5 in Invocations
  6401 | D:6      | Found a burning altar of Makhleb.
  6700 | D:7      | Found a staircase to the Ecumenical Temple.
  6739 | D:7      | Found a flagged portal.
  6786 | Bailey   | Entered a bailey
  6833 | Bailey   | Reached XP level 10. HP: 67/77 MP: 20/20
  6840 | Bailey   | Gained mutation: Armour fits poorly on your strangely
                  | shaped body. [potion of mutation]
  6840 | Bailey   | Gained mutation: You have sharp toenails. [potion of
                  | mutation]
  6918 | Bailey   | Reached *** piety under Makhleb
  7022 | Bailey   | Identified the Grimoire of Enthralling Aid
  7303 | D:7      | Learned a level 2 spell: Blink
  7307 | D:7      | Learned a level 3 spell: Teleport Other
  7336 | D:7      | Found a staircase to the Lair.
  7360 | D:7      | Noticed a lindwurm
  7373 | D:7      | Killed a lindwurm
  7374 | D:7      | Reached skill level 5 in Short Blades
  7374 | D:7      | Reached skill level 5 in Long Blades
  7374 | D:7      | Reached skill level 5 in Axes
  7374 | D:7      | Reached skill level 5 in Maces & Flails
  7374 | D:7      | Reached skill level 5 in Polearms
  7374 | D:7      | Reached skill level 5 in Staves
  7374 | D:7      | Reached skill level 5 in Slings
  7374 | D:7      | Reached skill level 5 in Bows
  7374 | D:7      | Reached skill level 5 in Throwing
  7374 | D:7      | Reached skill level 5 in Armour
  7374 | D:7      | Reached skill level 5 in Stealth
  7374 | D:7      | Reached skill level 5 in Shields
  7374 | D:7      | Reached skill level 5 in Unarmed Combat
  7374 | D:7      | Reached skill level 5 in Evocations
  7562 | D:7      | Found a sparkling altar of Nemelex Xobeh.
  8000 | D:8      | Found an ancient bone altar of Kikubaaqudgha.
  8051 | D:8      | Reached **** piety under Makhleb
  8294 | D:8      | Found a staircase to the Orcish Mines.
  8485 | D:8      | Reached XP level 11. HP: 52/84 MP: 22/22
  9376 | D:9      | Found a hide-covered altar of Uskayaw.
  9386 | D:9      | Learned a level 1 spell: Slow
  9396 | D:9      | Noticed a two-headed ogre
  9400 | D:9      | Noticed a two-headed ogre
  9412 | D:9      | Killed a two-headed ogre
  9413 | D:9      | Reached skill level 5 in Conjurations
  9413 | D:9      | Reached skill level 5 in Hexes
  9413 | D:9      | Reached skill level 5 in Charms
  9413 | D:9      | Reached skill level 5 in Summonings
  9413 | D:9      | Reached skill level 5 in Necromancy
  9413 | D:9      | Reached skill level 5 in Transmutations
  9413 | D:9      | Reached skill level 5 in Fire Magic
  9413 | D:9      | Reached skill level 5 in Ice Magic
  9413 | D:9      | Reached skill level 5 in Air Magic
  9413 | D:9      | Reached skill level 5 in Earth Magic
  9413 | D:9      | Reached skill level 5 in Poison Magic
  9430 | D:9      | Reached ***** piety under Makhleb
  9438 | D:9      | Killed a two-headed ogre
  9715 | D:9      | Found a blossoming altar of Fedhas.
  9716 | D:9      | Found a hazy altar of Hepliaklqana.
  9838 | D:9      | Found a radiant altar of Vehumet.
 10031 | D:10     | Entered Level 10 of the Dungeon
 10045 | D:10     | Noticed a tengu warrior
 10055 | D:10     | Killed a tengu warrior
 10075 | D:10     | Noticed a green ugly thing
 10218 | Lair:1   | Entered Level 1 of the Lair of Beasts
 10222 | Lair:1   | Got a steaming ivory amulet
 10223 | Lair:1   | Identified the amulet of Jifoded {Inacc rN+ Int+2 Dex-4}
                  | (You found it on level 1 of the Lair of Beasts)
 10359 | Lair:1   | Learned a level 2 spell: Poisonous Vapours
 10363 | Lair:1   | Learned a level 3 spell: Mephitic Cloud
 10820 | Lair:1   | Noticed an eight-headed hydra
 10862 | Lair:1   | Killed an eight-headed hydra
 10863 | Lair:1   | Reached XP level 12. HP: 93/93 MP: 17/24
 10962 | Lair:1   | Got an iridescent falchion
 11544 | Lair:2   | Identified the cursed ring of Baunimer {Ice +Blink Str-3
                  | SInv}
 11544 | Lair:2   | Noticed Fannar
 11551 | Lair:2   | Killed Fannar
 11562 | Lair:2   | Found a hole to the Spider Nest.
 11735 | Lair:2   | Noticed a cacodemon
 11737 | Lair:2   | Blown up by a cacodemon

Skill      XL: |  1  2  3  4  5  6  7  8  9 10 11 12 |
---------------+-------------------------------------+-----
Spellcasting   | 5 6 7 8 |  8.7
Short Blades   | 1 2 3 4 5 6 7 |  7.0
Long Blades    | 1 2 3 4 5 6 7 |  7.0
Axes           | 1 2 3 4 5 6 7 |  7.0
Maces & Flails | 1 2 3 4 5 6 7 |  7.0
Polearms       | 1 2 3 4 5 6 7 |  7.0
Staves         | 1 2 3 4 5 6 7 |  7.0
Slings         | 1 2 3 4 5 6 7 |  7.0
Bows           | 1 2 3 4 5 6 7 |  7.0
Throwing       | 1 2 3 4 5 6 7 |  7.0
Armour         | 1 2 3 4 5 6 7 |  7.0
Stealth        | 1 2 3 4 5 6 7 |  7.0
Shields        | 1 2 3 4 5 6 7 |  7.0
Unarmed Combat | 1 2 3 4 5 6 7 |  7.0
Invocations    | 1 2 3 4 5 6 7 |  7.7
Evocations     | 1 2 3 4 5 6 7 |  7.0
Conjurations   | 1 2 3 4 5 |  5.8
Hexes          | 1 2 3 4 5 |  5.8
Charms         | 1 2 3 4 5 |  5.8
Summonings     | 1 2 3 4 5 |  5.8
Necromancy     | 1 2 3 4 5 |  5.8
Transmutations | 1 2 3 4 5 |  5.8
Fire Magic     | 1 2 3 4 5 |  5.8
Ice Magic      | 1 2 3 4 5 |  5.8
Air Magic      | 1 2 3 4 5 |  5.8
Earth Magic    | 1 2 3 4 5 |  5.8
Poison Magic   | 1 2 3 4 5 |  5.8
Fighting       | 5 6 7 8 |  8.5
Crossbows      | 5 6 7 8 |  8.5
Dodging        | 5 6 7 8 |  8.5
Translocations | 6 7 8 |  8.1

Action                   |  1- 3 |  4- 6 |  7- 9 | 10-12 || total
-------------------------+-------+-------+-------+-------++-------
Melee: Dagger            |     2 |       |    15 |    81 ||    98
       Mace              |       |     3 |   136 |   128 ||   267
       Bite              |       |       |    20 |    55 ||    75
       Punch             |       |       |     6 |     2 ||     8
       Kick              |       |       |       |   125 ||   125
       Long sword        |       |       |       |   141 ||   141
 Fire: Hand crossbow     |    57 |    62 |    86 |    37 ||   242
       Shortbow          |       |       |    45 |       ||    45
Throw: Tomahawk          |       |       |    61 |   277 ||   338
 Cast: Blink Other       |     1 |       |       |       ||     1
       Blink             |       |       |       |    15 ||    15
       Slow              |       |       |       |     3 ||     3
       Poisonous Vapours |       |       |       |     3 ||     3
       Mephitic Cloud    |       |       |       |     2 ||     2
Invok: Minor Destruction |       |       |       |     1 ||     1
       Major Destruction |       |       |       |     1 ||     1
       Greater Servant o |       |       |       |     1 ||     1
Evoke: Wand              |       |     1 |     4 |       ||     5
  Use: Scroll            |       |     6 |     3 |     7 ||    16
       Potion            |       |       |     6 |     5 ||    11
 Stab: Sleeping          |       |       |       |     5 ||     5
       Confused          |       |       |       |     3 ||     3
  Eat: Chunk             |     3 |     8 |    13 |    24 ||    48
       Ration            |       |       |     2 |     3 ||     5
Armor: Robe              |     1 |     3 |    49 |     4 ||    57
       Acid dragon scale |       |       |       |    94 ||    94
Dodge: Dodged            |     7 |    10 |   191 |   281 ||   489
Block: Buckler           |       |       |       |   136 ||   136
